 Dungeon Crawl Stone Soup version 0.29.0-13-gc9e81de378 (webtiles) character file.

Game seed: 14590956520465975810

266 masschaos23 the Covered (level 6, -6/48 HPs)
             Began as a Human Fighter on Sept 7, 2022.
             Was a Plaything of Xom.
             Mangled by a rust devil (7 damage)
             ... summoned by Xom
             ... on level 3 of the Dungeon.
             The game lasted 00:16:06 (2988 turns).

masschaos23 the Covered (Human Fighter)             Turns: 2988, Time: 00:16:07

Health: -6/48      AC: -9    Str: 16      XL:     6   Next: 44%
Magic:  6/6        EV:  9    Int:  8 (9)  God:    Xom [*.....]
Gold:   103        SH:  0    Dex: 14      Spells: 5/5 levels left

rFire   . . .      SeeInvis .   d - +0 scythe
rCold   . . .      Faith    .   (shield currently unavailable)
rNeg    . . .      Spirit   .   b - +0 scale mail
rPois   .          Reflect  .   (no helmet)
rElec   .          Harm     .   (no cloak)
rCorr   .          Rampage  .   (no gloves)
Will    .....                   i - +2 pair of boots
Stlth   ..........              (no amulet)
HPRegen 0.16/turn               (no ring)
MPRegen 0.10/turn               (no ring)

@: corroded
A: sense surroundings 1, screaming 1
a: Renounce Religion


You were on level 3 of the Dungeon.
You worshipped Xom.
You were a special plaything of Xom.
You visited 1 branch of the dungeon, and saw 3 of its levels.

You collected 103 gold pieces.

Inventory:

Hand Weapons
 a - a +0 trident
 d - a +0 scythe (weapon)
 q - a +0 mace
 r - a +0 dagger
 v - a +0 hand axe
 x - a +0 spear
Missiles
 g - 38 stones (quivered)
 w - 6 poisoned darts
Armour
 b - a +0 scale mail (worn)
 c - a +0 buckler
 e - a +0 robe
 i - a +2 pair of boots (worn)
 l - a +0 scale mail
 p - a +0 chain mail
 s - a +0 ring mail
Jewellery
 t - the amulet of Elyvilon's Castigation {RegenMP Int+7}
   (You took it off a goblin on level 3 of the Dungeon)

   [amulet of magic regeneration]

   It increases your rate of magic regeneration.
   Int:       It affects your intelligence (+7).
Scrolls
 f - a scroll of blinking {unknown}
 h - a scroll of teleportation {unknown}
 j - a scroll of identify {unknown}
 k - a scroll of immolation {unknown}
 n - 2 scrolls of fear {unknown}
 u - a scroll of butterflies {unknown}
 y - a scroll of enchant armour {unknown}
Potions
 m - a potion of cancellation {unknown}
 o - a potion of brilliance {unknown}


   Skills:
 + Level 4.3 Fighting
 + Level 3.3 Polearms
 + Level 4.3 Armour
 + Level 0.2 Dodging
 + Level 4.0 Shields


You had 5 spell levels left.
You didn't know any spells.
Your spell library contained the following spells:

 Spells                   Type           Power      Damage    Failure   Level
 Inner Flame              Hex/Fire       0%         N/A       99%         3
 Cause Fear               Hex            0%         N/A       100%        4
 Discord                  Hex            0%         N/A       100%        8


Dungeon Overview and Level Annotations

Branches:
Dungeon (3/15)

Altars:
Uskayaw
Xom

Shops:
D:2 (   D:3 ?:


Innate Abilities, Weirdness & Mutations

You passively map a small area around you.
You occasionally shout uncontrollably at your foes.


Message History

You are now a BORING thing. "Time to have some fun!"
You are now a special plaything of Xom.
You hit the shadow imp but do no damage.
The shadow imp barely misses you.
You hit the shadow imp.
The shadow imp is moderately wounded.
The shadow imp hits you but does no damage.
The shadow imp gestures at you.
You barely resist. The iron imp barely misses you.
You barely miss the shadow imp.
The shadow imp is moderately wounded.
The shadow imp hits you. x2; The iron imp hits you.
The shadow imp barely misses you.
You puncture the shadow imp!
You kill the shadow imp!
The shadow imp disappears in a puff of smoke!
The rust devil hits you! The rust devil corrodes you!
The iron imp barely misses you.
You hit the rust devil but do no damage.
The rust devil hits you. The rust devil corrodes you! The iron imp hits you!
You barely miss the rust devil. The rust devil hits you.
The rust devil corrodes you! The iron imp hits you!
* * * LOW HITPOINT WARNING * * *
The rust devil hits you.
* * * LOW HITPOINT WARNING * * *
The rust devil corrodes you!
You closely miss the rust devil. The iron imp closely misses you.
The rust devil hits you.
* * * LOW HITPOINT WARNING * * *
The rust devil corrodes you!
You hit the rust devil but do no damage.
The rust devil misses you.
The iron imp laughs crazily.
The iron imp barely misses you.
You barely miss the rust devil. The rust devil hits you.
* * * LOW HITPOINT WARNING * * *
The rust devil corrodes you! The iron imp barely misses you.
The rust devil hits you!
You die...

##)#.##..# #.#
##..#.##..# #.#
##.#.#.#...# #.# ###
#.#........#######.# #..
##...#.............# #..
##......#####.##.#####..
#.##..5#(..#...........
#.####4#(..#..#>.####..
#.# #@#####..##.# #..
#.# #.5.....###.# #..
##.# #..._...# #.# ###
#..# ##.....## #.# #.##
####.## #.# #.# #.# #.#
#.# #.# #.# #.#
#.#####.##### #.#
#....)......#


You could see a rust devil (summoned), an iron imp (summoned), 2 dancing weapons
and a shadow imp (summoned).

Vanquished Creatures
  Sigmund (D:2)
  An orc wizard (D:3)
  3 adders
  A worm (D:2)
  3 orcs (D:3)
  5 ball pythons
  An endoplasm (D:2)
  A giant cockroach (D:2)
  12 goblins
  4 hobgoblins (D:3)
  2 bats
  3 frilled lizards
  3 kobolds
  3 rats
43 creatures vanquished.

Notes
Turn   | Place    | Note
-------+----------+-------------------------------------------
     0 | D:1      | masschaos23 the Human Fighter began the quest for the Orb.
     0 | D:1      | Reached XP level 1. HP: 18/18 MP: 1/1
   262 | D:1      | You fall into a shaft and drop 1 floor!
   275 | D:2      | Reached XP level 2. HP: 24/24 MP: 2/2
   286 | D:2      | Noticed Sigmund
   312 | D:2      | Killed Sigmund
   313 | D:2      | Reached XP level 3. HP: 12/30 MP: 3/3
   313 | D:2      | Reached XP level 4. HP: 15/37 MP: 4/4
   313 | D:2      | Reached XP level 5. HP: 17/42 MP: 5/5
   408 | D:2      | Found a faded altar of an unknown god.
   437 | D:2      | Reached XP level 6. HP: 6/48 MP: 6/6
  1052 | D:2      | Found Pyarch's Antique Weapon Shop.
  1470 | D:2      | Prayed at the altar of an unknown god.
  1470 | D:2      | Became a worshipper of The Xom-Meister, Xom-Xom-bo-Bom,
                  | Banana-Fana-fo-Fom
  1767 | D:3      | XOM: potion effect (brilliance)
  1824 | D:3      | XOM: silly message
  2031 | D:3      | Found Onluj's Book Boutique.
  2056 | D:3      | Identified the amulet of Elyvilon's Castigation {RegenMP
                  | Int+7}
  2217 | D:3      | XOM: stat loss: -1 Int (8/9)
  2326 | D:3      | XOM: summons 1 hostile demon
  2369 | D:3      | Found Roliass's Magic Scroll Shop.
  2399 | D:3      | Noticed a +0 dagger
  2400 | D:3      | Noticed a +0 dagger
  2401 | D:3      | Found a hide-covered altar of Uskayaw.
  2600 | D:3      | XOM: silly message
  2868 | D:3      | XOM: give mutations
  2868 | D:3      | Gained mutation: You occasionally shout uncontrollably at
                  | your foes. [Xom's mischief]
  2868 | D:3      | Gained mutation: You passively map a small area around you.
                  | [Xom's mischief]
  2979 | D:3      | XOM is BORED!
  2979 | D:3      | XOM: summons 4 hostile demons
  2980 | D:3      | Noticed a rust devil
  2986 | D:3      | HP: 2/48 [rust devil[Xom] (5)]
  2988 | D:3      | Mangled by a rust devil

Illustrated notes

Levels and vault maps discovered:
D:1:      nicolae_arrival_memento_mori, layout_rooms
D:2:      layout_basic, nicolae_ecumenical_snake_handling, serial_shops,
          nicolae_shop_competitors_out_of_business, minmay_between, uniq_sigmund
D:3:      layout_loops_ring, dancing_weapons_uskayaw, serial_shops,
          nicolae_shop_statue_plus, shop, shop, kennysheep_cross_room,
          minmay_goblin_outpost

Skill      XL: |  1  2 |
---------------+-------+-----
Fighting       | 4 |  4.3
Polearms       | 3 |  3.3
Armour         | 4 |  4.3
Shields        | 4 |  4.0
Dodging        | |  0.2

Action                   |  1- 3 |  4- 6 || total
-------------------------+-------+-------++-------
Melee: Trident           |    39 |       ||    39
       Halberd           |       |   135 ||   135
  Use: Potion            |     2 |       ||     2
Armor: Scale mail        |    13 |    92 ||   105
Dodge: Dodged            |     8 |   101 ||   109
Block: Buckler           |     6 |       ||     6
